 Dungeon Crawl Stone Soup version 0.27.1-2-g3b301248ec (webtiles) character file.

Game seed: 10138422413074939896

94 CuBeRJAN3 the Skirmisher (level 4, -3/29 HPs)
             Began as a Gargoyle Fighter on Oct 5, 2021.
             Slain by a hobgoblin (4 damage)
             ... led by Robin
             ... on level 2 of the Dungeon.
             The game lasted 00:05:32 (1235 turns).

CuBeRJAN3 the Skirmisher (Gargoyle Fighter)         Turns: 1235, Time: 00:05:33

Health: -3/29      AC: 10    Str: 21    XL:     4   Next: 63%
Magic:  0/4        EV:  7    Int:  8    God:
Gold:   52         SH:  9    Dex:  9    Spells: 3/3 levels left

rFire    . . .     SeeInvis .   a - +0 flail
rCold    . . .     Faith    .   c - +0 kite shield
rNeg     + . .     Spirit   +   b - +0 scale mail
rPois    ∞         Reflect  .   (no helmet)
rElec    +         Harm     .   (no cloak)
rCorr    .         Rampage  .   (no gloves)
Will     .....                  (no boots)
Stlth    ..........             j - amulet of guardian spirit
HPRegen  0.09/turn              (no ring)
MPRegen  0.09/turn              (no ring)

@: no status effects
A: sickness immunity, AC +3, negative energy resistance 1, electricity
resistance, torment resistance 1, petrification resistance
a: no special abilities


You were on level 2 of the Dungeon.
You visited 1 branch of the dungeon, and saw 2 of its levels.

You collected 52 gold pieces.

Inventory:

Hand Weapons
 a - a +0 flail (weapon)
 i - a +0 hunting sling
Armour
 b - a +0 scale mail (worn)
 c - a +0 kite shield (worn)
Jewellery
 j - an amulet of guardian spirit (around neck)
Scrolls
 e - a scroll of magic mapping {unknown}
 f - a scroll of teleportation {unknown}
 g - a scroll of identify {unknown}
 h - a scroll of enchant weapon {unknown}
 k - a scroll of immolation {unknown}
 l - a scroll of acquirement {unknown}
 n - a scroll of silence {unknown}
Potions
 d - a potion of might
 m - a potion of degeneration {unknown}


   Skills:
 * Level 4.2 Fighting
 * Level 3.0 Maces & Flails
 + Level 3.9 Armour
 + Level 3.9 Shields


You had 3 spell levels left.
You didn't know any spells.
Your spell library was empty.

Dungeon Overview and Level Annotations

Branches:
Dungeon (2/15)

Altars:


Innate Abilities, Weirdness & Mutations

You are immune to sickness and miasma.
Your stone body is resilient. (AC +3)
You are immune to poison.
You resist negative energy. (rN+)
You are resistant to electric shocks. (rElec)
You are resistant to unholy torment.
You are immune to petrification.


Message History

You closely miss the goblin.
The goblin is almost dead.
The goblin hits you but does no damage. You block the goblin's attack.
The goblin hits you but does no damage. x3
The hobgoblin hits you but does no damage.
You block the goblin's attack.
The goblin hits you but does no damage. x2
Unknown command.
You sock the goblin!
You kill the goblin!
You block the hobgoblin's attack. The goblin barely misses you.
You block the goblin's attack. The goblin barely misses you.
You block the goblin's attack. The hobgoblin hits you.
* * * LOW HITPOINT WARNING * * *
The hobgoblin barely misses you. The goblin hits you with a +0 club.
* * * LOW HITPOINT WARNING * * *
Your Maces & Flails skill increases to level 3!
You closely miss the goblin. You block the goblin's attack.
The goblin hits you but does no damage. You block the goblin's attack.
You block the hobgoblin's attack. The goblin hits you but does no damage.
The hobgoblin barely misses you.
The goblin hits you but does no damage. x2
Unknown command.
You closely miss the goblin. The goblin hits you but does no damage.
You block the hobgoblin's attack. The goblin hits you but does no damage.
You block the hobgoblin's attack. The goblin hits you with a +0 dagger.
* * * LOW HITPOINT WARNING * * *
The goblin completely misses you. The goblin hits you with a +0 club.
* * * LOW HITPOINT WARNING * * *
You hit the goblin but do no damage.
The hobgoblin hits you but does no damage.
The goblin barely misses you. You block the hobgoblin's attack.
The goblin hits you but does no damage. The goblin barely misses you.
The goblin completely misses you.
The hobgoblin hits you but does no damage. x2
You block the goblin's attack.
The goblin hits you but does no damage. x2
You hit the goblin.
The goblin is severely wounded.
The goblin no longer looks unusually strong. x2
The goblin hits you but does no damage. The hobgoblin barely misses you.
The goblin hits you but does no damage. The hobgoblin hits you.
You die...

.# #.# ##.## #
##...## ..
#.....##..
#.........
#..ggg#
######ggg####..
#...))g@g......
#<######g####..
#.# .# #.# #.#
#.# #.# #.#
#.### #.# #.#..
#.# #.#.# #.#
#.#.#


You could see 2 hobgoblins and 7 goblins.

Vanquished Creatures
  Jessica (D:2)
  Robin (D:2)
  A gnoll (D:1)
  An adder (D:2)
  A dart slug (D:2)
  5 ball pythons
  5 endoplasms
  A giant cockroach (D:1)
  5 goblins
  2 hobgoblins (D:1)
  A quokka (D:1)
  3 bats
  5 kobolds
  3 rats
35 creatures vanquished.

Notes
Turn   | Place    | Note
-------+----------+-------------------------------------------
     0 | D:1      | CuBeRJAN3 the Gargoyle Fighter began the quest for the Orb.
     0 | D:1      | Reached XP level 1. HP: 14/14 MP: 1/1
   365 | D:1      | Reached XP level 2. HP: 19/19 MP: 2/2
   586 | D:1      | Found a faded altar of an unknown god.
   586 | D:1      | Noticed a shining eye
   588 | D:1      | Noticed a shining eye
   606 | D:1      | Noticed an eye of devastation
   672 | D:1      | Noticed an eye of devastation
   753 | D:1      | Reached XP level 3. HP: 24/24 MP: 3/3
   939 | D:2      | Noticed Jessica
   946 | D:2      | Killed Jessica
   947 | D:2      | Reached skill level 4 in Fighting
   947 | D:2      | Reached XP level 4. HP: 29/29 MP: 4/4
  1213 | D:2      | Noticed Robin
  1226 | D:2      | Killed Robin
  1233 | D:2      | HP: 1/29 [goblin[Robin] (2)]
  1235 | D:2      | Slain by a hobgoblin

Illustrated notes

Levels and vault maps discovered:
D:1:      evilmike_arrival_plus, layout_rooms,
          hellmonk_ecumenical_altar_watching_god
D:2:      layout_loops_ring, uniq_jessica, uniq_robin, uniq_sigmund

Skill      XL: |  1  2  3  4 |
---------------+-------------+-----
Fighting       | 4 |  4.2
Maces & Flails | 3 |  3.0
Armour         | |  3.9
Shields        | |  3.9

Action                   |  1- 3 |  4- 6 || total
-------------------------+-------+-------++-------
Melee: Flail             |    71 |    41 ||   112
Armor: Scale mail        |    37 |    58 ||    95
Dodge: Dodged            |    31 |    34 ||    65
Block: Kite shield       |    43 |    49 ||    92
